 Dungeon Crawl Stone Soup version 0.19-a0-1127-gac58878 (webtiles) character file.

279 st0uf the Ruffian (level 6, -2/49 HPs)
             Began as a Draconian Transmuter on Aug 12, 2016.
             Killed by divine providence
             ... invoked by an orc priest
              (12 damage)
             ... on level 3 of the Dungeon.
             The game lasted 00:15:08 (3086 turns).

st0uf the Ruffian (Draconian Transmuter)            Turns: 3086, Time: 00:15:09

Health: -2/49      AC:  6    Str: 13    XL:     6   Next: 5%
Magic:  10/10      EV: 13    Int: 14    God:
Gold:   169        SH:  0    Dex: 12    Spells: 2 memorised, 8 levels left

rFire  . . .     SeeInvis .       - Unarmed
rCold  . . .     Gourm    .     (armour unavailable)
rNeg   . . .     Faith    .     (no shield)
rPois  .         Spirit   .     (helmet restricted)
rElec  .         Dismiss  .     (no cloak)
rCorr  .         Reflect  .     (no gloves)
SustAt .         Harm     .     (no boots)
MR     .....                    (no amulet)
Stlth  +.........               (no ring)
                                (no ring)

@:
A: unfitting armour, cold-blooded, AC +6
a: no special abilities


You were on level 3 of the Dungeon.
You were not hungry.

You visited 1 branch of the dungeon, and saw 3 of its levels.

You collected 169 gold pieces.

Inventory:

Missiles
 a - 20 arrows
Scrolls
 f - 4 scrolls of identify
 g - 4 scrolls of enchant weapon
 p - a scroll of recharging
Potions
 d - a potion of cancellation
 e - 2 potions of magic {unknown}
 i - 2 potions of agility {unknown}
 j - 2 potions of mutation {unknown}
 k - 3 potions of berserk rage {unknown}
 l - a potion of curing {unknown}
 m - a potion of degeneration {unknown}
 q - a potion of might {unknown}
Books
 b - a book of Changes

   Spells                             Type                      Level
   a - Beastly Appendage              Transmutation                1
   b - Sticks to Snakes               Transmutation                2
   c - Spider Form                    Transmutation/Poison         3
   d - Ice Form                       Ice/Transmutation            4
   e - Blade Hands                    Transmutation                5
Comestibles
 c - 2 bread rations
 h - 7 chunks of flesh


   Skills:
 + Level 2.3 Fighting
 + Level 3.3 Dodging
 + Level 0.4 Stealth
 + Level 3.9 Unarmed Combat
 + Level 3.2 Spellcasting
 + Level 3.3 Transmutations


You had 8 spell levels left.
You knew the following spells:

 Your Spells              Type           Power        Failure   Level  Hunger
a - Beastly Appendage     Tmut           ##....       6%          1    #......
b - Sticks to Snakes      Tmut           ##......     10%         2    ##.....


Dungeon Overview and Level Annotations

Branches:
Dungeon (3/15)

Altars:
Cheibriados
Gozag
Pakellas
The Shining One


Innate Abilities, Weirdness & Mutations

Your plain brown scales are hard. (AC +6)
Your body does not fit into most forms of armour.
You are cold-blooded and may be slowed by cold attacks.


Message History

You barely miss the orc. Your punch misses the orc.
The orc is almost dead.
The orc closely misses you.
You hit the orc.
You kill the orc!
Your horns disappear.
The orc throws a tomahawk.
The tomahawk hits you.
The orc priest mumbles some strange prayers to Beogh against you.
Beogh smites you!
* * * LOW HITPOINT WARNING * * *
The orc hits you.
* * * LOW HITPOINT WARNING * * *
An orc comes into view. It is wielding a dagger.
The orc shouts!
The orc moves out of view.
The orc barely misses you.
Found a sapphire potion.
The orc priest miscasts a cantrip.
The orc priest mumbles some strange prayers to Beogh against you.
Beogh smites you!
You die...

##≈###..oo[(.........
..........###.o.####
..........#
##o#######.#
##...†.##.# #.........#
#........####..########
###........##.o#
########.##o.#
#.##.o######## .
#.#...@....... .
#.#........... #
#####.#...######.. #
#.....#.... ..# #
#.#####..#! # #.# #
#...# #.. . #. #.# #
###.# #.# #.
#._##.###### #.# #.
####.. #.##.... #.#
......##.##....


You could see an orc priest and 4 orcs.

Vanquished Creatures
  Natasha (D:2)
  3 adders (D:2)
  An ooze (D:1)
  4 worms
  2 dart slugs (D:1)
  4 giant geckos
  3 orcs (D:3)
  9 bats
  5 giant cockroaches
  5 goblins (D:1)
  6 hobgoblins
  A quokka (D:3)
  5 ball pythons
  A giant newt (D:2)
  5 kobolds
  5 rats
60 creatures vanquished.

Vanquished Creatures (collateral kills)
  Sigmund (D:2)
  Natasha (D:2)
  A kobold (D:2)
3 creatures vanquished.

Grand Total: 63 creatures vanquished

Notes
Turn   | Place    | Note
-------+----------+-------------------------------------------
     0 | D:1      | st0uf the Draconian Transmuter began the quest for the Orb.
     0 | D:1      | Reached XP level 1. HP: 16/16 MP: 3/3
    96 | D:1      | Reached XP level 2. HP: 21/23 MP: 1/5
   912 | D:1      | Reached XP level 3. HP: 22/28 MP: 4/6
  1243 | D:2      | Learned a level 2 spell: Sticks to Snakes
  1288 | D:2      | Found a snail-covered altar of Cheibriados.
  1348 | D:2      | Noticed Sigmund
  1706 | D:1      | Reached XP level 4. HP: 26/35 MP: 5/7
  2199 | D:2      | Found an oddly glowing altar of Pakellas.
  2291 | D:2      | Found an opulent altar of Gozag.
  2402 | D:2      | Noticed Natasha
  2408 | D:2      | Killed Sigmund
  2408 | D:2      | Reached XP level 5. HP: 33/41 MP: 3/9
  2414 | D:2      | Killed Natasha
  2654 | D:2      | Noticed Natasha
  2695 | D:2      | Killed Natasha
  2949 | D:3      | Reached XP level 6. HP: 43/49 MP: 10/10
  2952 | D:3      | Found a glowing golden altar of the Shining One.
  3086 | D:3      | Killed from afar by an orc priest

Vault maps used:
D:1:      elethiomel_arrival_quiet, nrook_mini_backslash,
          minmay_misc_feat_diagonals, fountainhead
D:2:      grunt_pakellas_mercury, nicolae_gozag_seed_capital,
          lemuel_round_altar, first_bread, due_unseen_surprise, uniq_sigmund,
          uniq_natasha
D:3:      overflow_temple_1_default, grunt_decor_cap, uniq_crazy_yiuf_cottage

Skill      XL: |  1  2  3  4 |
---------------+-------------+-----
Dodging        | 2 3 |  3.3
Fighting       | 2 |  2.3
Spellcasting   | 3 |  3.2
Transmutations | 3 |  3.3
Stealth        | |  0.4
Unarmed Combat | |  3.9

Action                   |  1- 3 |  4- 6 || total
-------------------------+-------+-------++-------
Melee: Unarmed           |   129 |   102 ||   231
       Headbutt          |     8 |     7 ||    15
       Kick              |    11 |     8 ||    19
       Tailslap          |    14 |     6 ||    20
 Cast: Beastly Appendage |    20 |    17 ||    37
       Sticks to Snakes  |     1 |     2 ||     3
  Use: Scroll            |     5 |     4 ||     9
 Stab: Sleeping          |       |     1 ||     1
  Eat: Chunk             |     3 |     5 ||     8
Armor: Skin              |    30 |    28 ||    58
Dodge: Dodged            |    85 |    54 ||   139
